 Dungeon Crawl Stone Soup version 0.18.1-2-ga659475 (webtiles) character file.

2056 lightmor the Thaumaturge (level 9, -1/51 HPs)
             Began as a Deep Elf Fire Elementalist on May 8, 2016.
             Was a Follower of Vehumet.
             Killed by divine providence
             ... invoked by an orc priest
              (16 damage)
             ... on level 5 of the Dungeon.
             The game lasted 00:26:37 (8318 turns).

lightmor the Thaumaturge (DEFE)                     Turns: 8318, Time: 00:26:38

Health: -1/51      AC:  4    Str:  5    XL:     9   Next: 5%
Magic:  0/24       EV: 16    Int: 24    God:    Vehumet [*.....]
Gold:   224        SH:  0    Dex: 15    Spells: 7 memorised, 7 levels left

rFire  . . .     SeeInvis .     p - staff of wizardry
rCold  . . .     Gourm    .     A - +0 robe {MR+}
rNeg   . . .     Faith    .     (no shield)
rPois  .         Spirit   .     (no helmet)
rElec  .         Dismiss  .     (no cloak)
rCorr  .         Reflect  .     C - +0 pair of gloves
SustAt .         Harm     .     u - +0 pair of boots
MR     ++...                    (no amulet)
Stlth  ++........               (no ring)
                                o - ring of protection from magic

@: very resistant to hostile enchantments, unstealthy
A: no striking features
a: Renounce Religion


You were on level 5 of the Dungeon.
You worshipped Vehumet.
Vehumet was aware of your devotion.
You were not hungry.

You visited 2 branches of the dungeon, and saw 7 of its levels.
You also visited: Sewer.

You collected 224 gold pieces.

Inventory:

Hand Weapons
 h - a +0 dagger of electrocution
Missiles
 j - 54 poisoned needles
Armour
 u - a +0 pair of boots (worn)
 A - a +0 robe of magic resistance (worn)
 C - a +0 pair of gloves (worn)
Magical Staves
 p - an uncursed staff of wizardry (weapon)
Jewellery
 o - a ring of protection from magic (left hand)
Wands
 y - a wand of enslavement (15/24)
Scrolls
 e - a scroll of fog
 f - a scroll of blinking {unknown}
 g - 2 scrolls of noise {unknown}
 m - a scroll of remove curse
 r - a scroll of immolation {unknown}
 w - a scroll of teleportation
Potions
 d - a potion of flight {unknown}
 k - 5 potions of haste
 l - 3 potions of resistance
 s - 2 potions of berserk rage
 v - 3 potions of might {unknown}
 x - a potion of curing
 z - a potion of magic {unknown}
 B - a potion of cancellation {unknown}
Books
 b - a book of Flames

   Spells                             Type                      Level
   a - Flame Tongue                   Conjuration/Fire             1
   b - Throw Flame                    Conjuration/Fire             2
   c - Conjure Flame                  Conjuration/Fire             3
   d - Inner Flame                    Hexes/Fire                   3
   e - Sticky Flame                   Conjuration/Fire             4
   f - Fireball                       Conjuration/Fire             5
 i - a book of the Dragon

   Spells                             Type                      Level
   a - Flame Tongue                   Conjuration/Fire             1
   b - Cause Fear                     Hexes                        4
   c - Bolt of Fire                   Conjuration/Fire             6
   d - Dragon Form                    Transmutation                7
   e - Dragon's Call                  Summoning                    9
Comestibles
 c - 5 bread rations
 q - 2 meat rations


   Skills:
 + Level 3.3 Fighting
 + Level 6.3 Dodging
 - Level 2.4 Stealth
 * Level 9.0 Spellcasting
 + Level 6.6 Conjurations
 + Level 5.8 Fire Magic


You had 7 spell levels left.
You knew the following spells:

 Your Spells              Type           Power        Failure   Level  Hunger
a - Flame Tongue          Conj/Fire      #####        1%          1    None
b - Throw Flame           Conj/Fire      #####.       1%          2    None
c - Conjure Flame         Conj/Fire      #####...     1%          3    None
d - Sticky Flame          Conj/Fire      #####...     1%          4    ##.....
e - Inner Flame           Hex/Fire       ###.....     2%          3    None
f - Fireball              Conj/Fire      #####.....   6%          5    ####...
g - Magic Dart            Conj           ####         1%          1    None


Dungeon Overview and Level Annotations

Branches:
Dungeon (6/15)             Temple (1/1) D:5

Altars:
Ashenzari
Dithmenos
Elyvilon
Gozag
Kikubaaqudgha
Makhleb
Nemelex Xobeh
Okawaru
Pakellas
Ru
Sif Muna
Vehumet
Xom
Yredelemnul
The Shining One

Shops:
D:5 ?


Message History

The orc priest misses you.
Casting: Flame Tongue
Confirm with . or Enter, or press ? or * to list all spells.
Aiming: Flame Tongue
Press: ? - help, Shift-Dir - straight line, f - orc priest
Aim: an orc priest, wearing a scale mail The flame tongue hits the orc priest.
The orc priest appears unharmed.
The orc wizard looks braver for a moment.
The orc priest closely misses you.
Casting: Flame Tongue
Confirm with . or Enter, or press ? or * to list all spells.
Aiming: Flame Tongue
Press: ? - help, Shift-Dir - straight line, f/p - orc priest
Aim: an orc priest, wearing a scale mail The flame tongue hits the orc priest.
The orc priest is lightly wounded.
The orc wizard barely misses you.
The orc priest invokes the aid of Beogh against you.
Beogh smites you!
You die...

####.# ####### #..
#....# ### ##.###### #
##...#...## #
##....[###.######## #
#.......###.......#####
#.......# #.#..##.##...
#....o.[###...##...####
##....@###..###.....##
##...#o.)#.##.......##
#########.)...._.....
####.......#.
##.....##> ##...##..
##.##..# #....##
#######


You could see an orc priest and an orc wizard.

Vanquished Creatures
  Sigmund (D:5)
  Duvessa (D:5)
  2 sky beasts (D:5)
  An ice beast (D:4)
  A phantom (D:4)
  4 ogres
  2 centaurs
  Dowan (D:5)
  A scorpion (D:4)
  A howler monkey (D:6)
  A crimson imp (D:5)
  2 giant frog zombies (D:5)
  3 hounds
  A gnoll shaman (D:5)
  3 orc priests
  5 orc wizards
  2 worker ants
  A hound zombie (D:5)
  6 gnolls
  10 adders
  3 river rats (Sewer)
  2 shadow imps (D:5)
  4 dart slugs
  2 giant geckos
  18 orcs
  6 giant cockroaches
  2 gnoll zombies (D:5)
  6 hobgoblins
  5 quokkas (D:2)
  3 ball pythons
  4 bats
  12 giant newts
  2 goblins
  6 kobolds
  A quokka skeleton (D:4)
  14 rats
139 creatures vanquished.

Notes
Turn   | Place    | Note
--------------------------------------------------------------
     0 | D:1      | lightmor the Deep Elf Fire Elementalist began the quest for the Orb.
     0 | D:1      | Reached XP level 1. HP: 10/10 MP: 6/6
   276 | D:1      | Reached XP level 2. HP: 6/15 MP: 2/8
   451 | D:1      | Learned a level 2 spell: Throw Flame
  1023 | D:1      | Reached XP level 3. HP: 19/19 MP: 6/9
  1357 | D:2      | Found an opulent altar of Gozag.
  1389 | D:2      | Learned a level 3 spell: Conjure Flame
  1495 | D:2      | Reached XP level 4. HP: 24/24 MP: 8/10
  2789 | D:3      | Noticed a centaur
  2797 | D:3      | Killed a centaur
  2797 | D:3      | Reached skill level 1 in Fighting
  2797 | D:3      | Reached skill level 5 in Conjurations
  2797 | D:3      | Reached XP level 5. HP: 13/29 MP: 4/12
  2973 | D:3      | Learned a level 4 spell: Sticky Flame
  3454 | D:4      | Noticed a phantom
  3486 | D:4      | Killed a phantom
  3486 | D:4      | Reached skill level 4 in Spellcasting
  3486 | D:4      | Reached XP level 6. HP: 34/34 MP: 7/14
  3709 | D:4      | Found a glowing drain.
  3713 | Sewer    | Entered a sewer
  4983 | D:4      | Reached skill level 5 in Spellcasting
  4983 | D:4      | Reached XP level 7. HP: 39/39 MP: 5/16
  5178 | D:4      | Learned a level 3 spell: Inner Flame
  6008 | D:4      | Reached skill level 6 in Spellcasting
  6237 | D:4      | Learned a level 5 spell: Fireball
  6238 | D:5      | Entered Level 5 of the Dungeon
  6612 | D:5      | Found a staircase to the Ecumenical Temple.
  6615 | D:5      | Found Wirgheb's Magic Scroll Emporium.
  6625 | D:5      | Reached XP level 8. HP: 45/45 MP: 8/20
  6648 | Temple   | Entered the Ecumenical Temple
  6656 | Temple   | Became a worshipper of Vehumet
  6677 | D:5      | Reached skill level 5 in Dodging
  6677 | D:5      | Reached skill level 5 in Fire Magic
  6679 | D:5      | Noticed Sigmund
  6828 | D:5      | Found a burning altar of Makhleb.
  6829 | D:5      | Noticed Duvessa
  6832 | D:5      | Noticed Dowan
  6840 | D:5      | Killed Duvessa
  6840 | D:5      | Reached skill level 7 in Spellcasting
  7005 | D:5      | Killed Sigmund
  7584 | D:5      | Killed Dowan
  7584 | D:5      | Reached skill level 8 in Spellcasting
  7597 | D:5      | Found a shadowy altar of Dithmenos.
  7600 | D:5      | Found a shattered altar of Ashenzari.
  7602 | D:5      | Found a glowing golden altar of the Shining One.
  7632 | D:5      | Found an iron altar of Okawaru.
  7722 | D:5      | Found a basalt altar of Yredelemnul.
  7836 | D:6      | Reached * piety under Vehumet
  7836 | D:6      | Offered knowledge of Magic Dart by Vehumet.
  7839 | D:6      | Learned a level 1 spell: Magic Dart
  7987 | D:5      | Found an oddly glowing altar of Pakellas.
  8296 | D:6      | Reached XP level 9. HP: 27/51 MP: 2/23
  8316 | D:5      | Reached skill level 9 in Spellcasting
  8318 | D:5      | Killed from afar by an orc priest

Skill      XL: |  1  2  3  4  5  6  7  8  9 |
---------------+----------------------------+-----
Conjurations   | 2 3 4 5 6 |  6.6
Fighting       | 1 2 3 |  3.3
Dodging        | 3 4 6 |  6.3
Spellcasting   | 4 5 6 8 9 |  9.0
Fire Magic     | 4 5 |  5.8
Stealth        | |  2.4

Action                   |  1- 3 |  4- 6 |  7- 9 || total
-------------------------+-------+-------+-------++-------
Melee: Unarmed           |     1 |       |       ||     1
       Dagger            |     1 |       |       ||     1
       Staff             |       |     8 |    28 ||    36
 Cast: Flame Tongue      |    50 |    80 |   126 ||   256
       Throw Flame       |     3 |    26 |    17 ||    46
       Conjure Flame     |       |     2 |    10 ||    12
       Inner Flame       |       |       |     8 ||     8
       Sticky Flame      |       |       |     6 ||     6
       Magic Dart        |       |       |    15 ||    15
       Fireball          |       |       |     3 ||     3
  Use: Potion            |       |     2 |     3 ||     5
       Scroll            |       |     7 |     7 ||    14
 Stab: Sleeping          |       |     2 |       ||     2
  Eat: Chunk             |     2 |    10 |     9 ||    21
       Royal jelly       |       |       |     1 ||     1
       Pizza             |       |       |     1 ||     1
Armor: Robe              |     3 |     2 |    19 ||    24
Dodge: Dodged            |     8 |    15 |    83 ||   106
